 Dungeon Crawl Stone Soup version 0.22-a0-147-gfdd7f25 (webtiles) character file.

228 tof the Cudgeler (level 5, -3/47 HPs)
             Began as a Minotaur Fighter on Feb 6, 2018.
             Was an Initiate of Okawaru.
             Slain by an ogre
             ... wielding a +0 giant spiked club
              (8 damage)
             ... on level 4 of the Dungeon.
             The game lasted 00:02:42 (2702 turns).

tof the Cudgeler (Minotaur Fighter)                 Turns: 2702, Time: 00:02:43

Health: -3/47      AC:  7    Str: 21    XL:     5   Next: 70%
Magic:  4/4        EV:  7    Int:  5    God:    Okawaru [......]
Gold:   150        SH:  9    Dex: 10    Spells: 4/4 levels left

rFire    . . .     SeeInvis .   a - +0 flail
rCold    . . .     Gourm    .   c - +0 shield
rNeg     . . .     Faith    .   b - +0 scale mail
rPois    .         Spirit   .   (helmet restricted)
rElec    .         Reflect  .   (no cloak)
rCorr    .         Harm     .   (no gloves)
MR       .....                  (no boots)
Stlth    ..........             (no amulet)
HPRegen  0.15/turn              e - ring of loudness (curse)
MPRegen  0.09/turn              (no ring)

@: no status effects
A: retaliatory headbutt, horns 2
a: Renounce Religion


You were on level 4 of the Dungeon.
You worshipped Okawaru.
Okawaru was noncommittal.
You were not hungry.

You visited 1 branch of the dungeon, and saw 4 of its levels.

You collected 150 gold pieces.

Inventory:

Hand Weapons
 a - a +0 flail (weapon)
Armour
 b - a +0 scale mail (worn)
 c - a +0 shield (worn)
Jewellery
 e - a cursed ring of loudness (left hand)
 o - an uncursed ring of protection from magic {unknown}
 u - a +1 ring of slaying {unknown}
Scrolls
 g - 3 scrolls of remove curse {unknown}
 k - a scroll of enchant armour {unknown}
 m - a scroll of enchant weapon {unknown}
 p - a scroll of amnesia {unknown}
 q - 2 scrolls of identify {unknown}
 r - a scroll of teleportation {unknown}
 s - a scroll of blinking {unknown}
Potions
 d - a potion of might
 h - 3 potions of lignification {unknown}
 i - a potion of magic {unknown}
 j - 3 potions of curing
 l - 2 potions of brilliance {unknown}
 n - a potion of mutation {unknown}
Comestibles
 f - 8 rations


   Skills:
 + Level 4.6 Fighting
 * Level 4.8 Maces & Flails
 + Level 4.6 Armour
 + Level 4.6 Shields
 + Level 1.2 Invocations


You had 4 spell levels left.
You didn't know any spells.

Dungeon Overview and Level Annotations

Branches:
Dungeon (4/15)
 Temple: D:4-7

Altars:
Ashenzari
Fedhas
Hepliaklqana
Okawaru
Zin


Innate Abilities, Weirdness & Mutations

You reflexively headbutt those who attack you in melee.
You have a pair of horns on your head.


Message History

The orc hits you but does no damage. The orc hits you.
You hit the orc.
The orc is almost dead.
You block the orc's attack.
You sock the orc!
You kill the orc!
Okawaru accepts your kill.
You barely miss the ogre. Your headbutt misses the ogre.
You block the ogre's attack.
You sock the ogre!
The ogre is moderately wounded.
The ogre hits you with a giant spiked club!
You hit the ogre. You headbutt the ogre!
The ogre is almost dead.
The ogre hits you with a giant spiked club!!
* * * LOW HITPOINT WARNING * * *
You hit the ogre.
The ogre is almost dead.
The ogre hits you with a giant spiked club!
You die...

####
...
#..
#.#
#O#
#@#
#.#
#<#
###


You could see an ogre.

Vanquished Creatures
  The ghost of Yosebu the Poker, an amateur MfMo (D:3)
  An orc wizard (D:4)
  3 adders
  An ooze (D:1)
  An adder skeleton (D:4)
  2 worms
  5 dart slugs
  3 leopard geckos
  2 orcs (D:4)
  3 giant cockroaches
  7 goblins
  2 hobgoblins
  5 jackals (D:3)
  A quokka (D:3)
  2 ball pythons
  7 bats
  11 kobolds
  5 rats
62 creatures vanquished.

Notes
Turn   | Place    | Note
-------+----------+-------------------------------------------
     0 | D:1      | tof the Minotaur Fighter began the quest for the Orb.
     0 | D:1      | Reached XP level 1. HP: 19/19 MP: 0/0
   356 | D:1      | Reached XP level 2. HP: 24/27 MP: 1/1
   785 | D:2      | Reached XP level 3. HP: 28/33 MP: 2/2
   977 | D:2      | Found a hazy altar of Hepliaklqana.
   977 | D:2      | Found an iron altar of Okawaru.
   977 | D:2      | Found a glowing silver altar of Zin.
  1376 | D:2      | Became a worshipper of Warmaster Okawaru
  1454 | D:3      | Reached XP level 4. HP: 26/40 MP: 3/3
  1913 | D:3      | Found a shattered altar of Ashenzari.
  1925 | D:3      | Noticed Yosebu's ghost (amateur MfMo)
  2068 | D:3      | Killed Yosebu's ghost
  2068 | D:3      | Reached skill level 1 in Invocations
  2068 | D:3      | Reached XP level 5. HP: 27/47 MP: 4/4
  2542 | D:3      | Found a blossoming altar of Fedhas.
  2687 | D:4      | Noticed an ogre
  2702 | D:4      | Slain by an ogre

Vault maps used:
D:1:      shiori_arrival_elements
D:2:      gammafunk_temple_overflow_claw
D:3:      fedhas_altar_4, first_ration, evilmike_ruin_ashenzari
D:4:      fiery_altar_vehumet, uniq_ijyb, uniq_edmund

Skill      XL: |  1  2  3  4 |
---------------+-------------+-----
Maces & Flails | 3 4 |  4.8
Fighting       | 4 |  4.6
Shields        | 4 |  4.6
Armour         | 4 |  4.6
Invocations    | 1 |  1.2

Action                   |  1- 3 |  4- 6 || total
-------------------------+-------+-------++-------
Melee: Flail             |    76 |    88 ||   164
       Headbutt          |    16 |    15 ||    31
  Eat: Chunk             |       |     6 ||     6
Armor: Scale mail        |    26 |    34 ||    60
Dodge: Dodged            |    24 |    21 ||    45
Block: Shield            |    37 |    36 ||    73

Table legend:
 A = Spawn XP
 B = Non-spawn XP
 C = Spawn XP percentage of total XP
 D = Spawn monster count
 E = Non-spawn monster count
 F = Spawn count percentage of total count
 G = Total turns spent on level
                    A         B        C        D         E        F      G
               +---------+---------+-------+---------+---------+-------+---------
         Total |       0 |     326 |   0.0 |       0 |      62 |   0.0 |  2702
               +---------+---------+-------+---------+---------+-------+---------
           D:1 |       0 |      35 |   0.0 |       0 |      16 |   0.0 |   761
           D:2 |       0 |      52 |   0.0 |       0 |      18 |   0.0 |   742
           D:3 |       0 |     185 |   0.0 |       0 |      24 |   0.0 |  1179
           D:4 |       0 |      54 |   0.0 |       0 |       4 |   0.0 |    20
               +---------+---------+-------+---------+---------+-------+---------
